 Dungeon Crawl Stone Soup version 0.22-a0-284-g99d1f7439c (webtiles) character file.

1955 Infinimo the Carver (level 8, -27/56 HPs)
             Began as a Demonspawn Gladiator on Mar 21, 2018.
             Was an Initiate of Okawaru.
             Hit by a large rock thrown by a cyclops (43 damage)
             ... on level 8 of the Dungeon.
             The game lasted 00:11:12 (6802 turns).

Infinimo the Carver (Demonspawn Gladiator)          Turns: 6802, Time: 00:11:13

Health: -27/56     AC: 15    Str: 15    XL:     8   Next: 99%
Magic:  8/8        EV: 11    Int: 11    God:    Okawaru [......]
Gold:   398        SH:  0    Dex: 13    Spells: 7/7 levels left

rFire    . . .     SeeInvis .   a - +0 long sword
rCold    . . .     Gourm    .   (no shield)
rNeg     + . .     Faith    .   v - +4 ring mail of Wrong Decisions {rPois rN+ Dex-2}
rPois    +         Spirit   .   m - +2 helmet
rElec    .         Reflect  .   (no cloak)
rCorr    .         Harm     .   (no gloves)
MR       .....                  (no boots)
Stlth    +.........             (no amulet)
HPRegen  0.18/turn              (no ring)
MPRegen  0.11/turn              (no ring)

@: about to teleport
A: talons 2, yellow scales 2
a: Renounce Religion


You were on level 8 of the Dungeon.
You worshipped Okawaru.
Okawaru was noncommittal.
You were not hungry.

You visited 2 branches of the dungeon, and saw 8 of its levels.

You collected 398 gold pieces.

Inventory:

Hand Weapons
 a - a +0 long sword (weapon)
Missiles
 d - 5 throwing nets (quivered)
Armour
 m - a +2 helmet (worn)
 v - the +4 ring mail of Wrong Decisions (worn) {rPois rN+ Dex-2}
   (You found it on level 5 of the Dungeon)

   It affects your dexterity (-2).
   It protects you from poison.
   It protects you from negative energy.
Jewellery
 b - an uncursed ring of resist corrosion {unknown}
Scrolls
 c - 2 scrolls of enchant armour {unknown}
 h - 3 scrolls of remove curse
 n - 2 scrolls of amnesia
 r - a scroll of fear {unknown}
 t - a scroll of fog
 u - 2 scrolls of identify
Potions
 e - 4 potions of brilliance
 i - 2 potions of heal wounds {unknown}
 j - 3 potions of mutation {unknown}
 k - a potion of lignification {unknown}
 l - a potion of agility
 o - 2 potions of invisibility {unknown}
 q - a potion of flight {unknown}
 s - a potion of haste
Comestibles
 f - 8 rations
 p - 4 chunks of flesh


   Skills:
 - Level 2.0 Fighting
 + Level 11.0 Long Blades
 - Level 1.7 Throwing
 - Level 2.6 Dodging


You had 7 spell levels left.
You didn't know any spells.

Dungeon Overview and Level Annotations

Branches:
Dungeon (6/15)             Temple (1/1) D:6            Lair (0/6) D:8

Altars:
Ashenzari
Cheibriados
Dithmenos
Elyvilon
Fedhas
Gozag
Hepliaklqana
Kikubaaqudgha
Makhleb
Nemelex Xobeh
Okawaru
Qazlal
Ru
Sif Muna
Trog
Uskayaw
Vehumet
Wu Jian
Xom
Yredelemnul
Zin
The Shining One

Annotations:
D:6 flinch's ghost, amateur DrMo


Innate Abilities, Weirdness & Mutations

You have razor-sharp toenails.
You are mostly covered in yellow scales. (AC +3)


Message History

There are monsters nearby!
There are monsters nearby!
There is a stone staircase leading down here.
The hell hound breathes flames at you. The blast of flame hits you!
A cyclops comes into view.
The cyclops shouts!
The hell hound breathes flames at you. The blast of flame hits you!
A quokka comes into view.
The cyclops throws a large rock.
The large rock hits you!!
Ouch! That really hurt!
* * * LOW HITPOINT WARNING * * *
You see here a large rock.
As you read the scroll of teleportation, it crumbles to dust.
You feel strangely unstable.
A hippogriff comes into view.
The cyclops throws a large rock.
The large rock hits you!!!
Ouch! That really hurt!
You die...

#.##........#
.............#
.o≈≈≈...>#####
≈≈≈§.≈...#
≈≈≈.≈≈...#
≈§§§§§...#
≈§.≈≈≈...######
≈§≈§≈..hh(.C..##
§§≈r...@......#
.H.............#
...............#
...............#
..?...>........#
...............#
...............#
.............<#


You could see a cyclops, a hippogriff, 2 hell hounds, an orc priest (wandering)
and a quokka.

Vanquished Creatures
  Grinder (D:3)
  Eustachio (D:5)
  Menkaure (D:5)
  A water moccasin (D:4)
  A sky beast (D:5)
  A black bear (D:6)
  An ice beast (D:5)
  2 phantoms
  A bullfrog (D:6)
  A water moccasin skeleton (D:4)
  A scorpion (D:4)
  A crimson imp (D:5)
  3 hounds
  4 orc priests (D:3)
  A bullfrog skeleton (D:6)
  2 orc wizards
  Jessica (D:2)
  Ijyb (D:2)
  2 worker ants
  A hound skeleton (D:6)
  9 gnolls
  A howler monkey skeleton (D:5)
  14 adders
  A shadow imp (D:5)
  An ooze (D:1)
  6 worms
  2 dart slugs
  6 leopard geckos
  16 orcs
  3 ball pythons
  7 giant cockroaches
  8 goblins
  10 hobgoblins
  8 jackals (D:2)
  7 kobolds
  12 bats
  6 frilled lizards
  A jackal skeleton (D:5)
  A quokka zombie (D:5)
  10 rats
  A fungus (D:4)
158 creatures vanquished.

Notes
Turn   | Place    | Note
-------+----------+-------------------------------------------
     0 | D:1      | Infinimo the Demonspawn Gladiator began the quest for the Orb.
     0 | D:1      | Reached XP level 1. HP: 16/16 MP: 1/1
    36 | D:1      | Reached skill level 3 in Long Blades
   201 | D:1      | Gained mutation: You are partially covered in yellow scales. (AC +2) [demonic ancestry]
   201 | D:1      | Reached XP level 2. HP: 22/22 MP: 2/2
   512 | D:1      | Gained mutation: You have sharp toenails. [demonic ancestry]
   512 | D:1      | Reached XP level 3. HP: 27/27 MP: 3/3
   746 | D:1      | Reached skill level 4 in Long Blades
  1005 | D:2      | Noticed Jessica
  1027 | D:2      | Killed Jessica
  1027 | D:2      | Reached XP level 4. HP: 33/33 MP: 4/4
  1281 | D:2      | Reached skill level 5 in Long Blades
  1419 | D:2      | Reached XP level 5. HP: 38/38 MP: 5/5
  1663 | D:3      | Noticed Ijyb
  1721 | D:2      | Killed Ijyb
  1787 | D:3      | Noticed Grinder
  1803 | D:3      | Killed Grinder
  1803 | D:3      | Reached skill level 6 in Long Blades
  1803 | D:3      | Gained mutation: You have razor-sharp toenails. [demonic ancestry]
  1803 | D:3      | Reached XP level 6. HP: 15/44 MP: 6/6
  2087 | D:3      | Reached skill level 7 in Long Blades
  2644 | D:3      | Reached XP level 7. HP: 43/50 MP: 7/7
  2897 | D:3      | HP: 2/50 [poisoned by an orc priest]
  2905 | D:3      | HP: 2/50 [poisoned by an orc priest]
  3745 | D:4      | Found a blossoming altar of Fedhas.
  3790 | D:4      | Reached skill level 8 in Long Blades
  4002 | D:4      | Reached skill level 9 in Long Blades
  4002 | D:4      | Gained mutation: You are mostly covered in yellow scales. (AC +3) [demonic ancestry]
  4002 | D:4      | Reached XP level 8. HP: 44/56 MP: 8/8
  4447 | D:5      | Entered Level 5 of the Dungeon
  4460 | D:5      | Noticed Eustachio
  5097 | D:5      | Noticed Menkaure
  5107 | D:5      | Killed Menkaure
  5361 | D:5      | Reached skill level 10 in Long Blades
  5497 | D:5      | Got a jasper-encrusted ring mail
  5508 | D:5      | Identified the +4 ring mail of Wrong Decisions {rPois rN+ Dex-2} (You found it on level 5 of the Dungeon)
  5632 | D:5      | Killed Eustachio
  6357 | D:6      | Found a staircase to the Ecumenical Temple.
  6417 | D:6      | Noticed flinch's ghost (amateur DrMo)
  6434 | Temple   | Entered the Ecumenical Temple
  6683 | Temple   | Became a worshipper of Warmaster Okawaru
  6774 | D:6      | Reached skill level 11 in Long Blades
  6793 | D:6      | You fall through a shaft for 2 floors!
  6793 | D:8      | Found a staircase to the Lair.
  6799 | D:8      | Noticed a cyclops
  6802 | D:8      | Noticed a hippogriff
  6802 | D:8      | Hit by a large rock thrown by a cyclops

Vault maps used:
D:1:      mrwooster_arrival_statue_2, minmay_cut_off
D:2:      uniq_jessica
D:3:      uniq_grinder, uniq_ijyb
D:4:      old_standard_altar, first_ration, minmay_gold_behind_fungi
D:5:      uniq_eustachio, uniq_menkaure
D:6:      temple_fountains, eino_tiny_chamber
D:8:      minmay_lair_entry_lava
Temple:   compressed_dpeg_triangle_lava_temple

Skill      XL: |  1  2  3  4  5  6  7  8 |
---------------+-------------------------+-----
Long Blades    | 3 4 5 6 7 9 11 | 11.0
Fighting       | |  2.0
Throwing       | |  1.7
Dodging        | |  2.6

Action                   |  1- 3 |  4- 6 |  7- 9 || total
-------------------------+-------+-------+-------++-------
Melee: Long sword        |    95 |   190 |   371 ||   656
       Kick              |     7 |    56 |   112 ||   175
  Use: Scroll            |     3 |     1 |     9 ||    13
       Potion            |       |     1 |     1 ||     2
  Eat: Chunk             |       |     6 |     7 ||    13
       Ration            |       |       |     2 ||     2
Armor: Leather armour    |    33 |    79 |    13 ||   125
       Chain mail        |       |       |   132 ||   132
       Ring mail         |       |       |    48 ||    48
Dodge: Dodged            |    77 |   133 |   154 ||   364
       Rpst.: Long sword |    27 |    44 |    40 ||   111

Table legend:
 A = Spawn XP
 B = Non-spawn XP
 C = Spawn XP percentage of total XP
 D = Spawn monster count
 E = Non-spawn monster count
 F = Spawn count percentage of total count
 G = Total turns spent on level
                    A         B        C        D         E        F      G
               +---------+---------+-------+---------+---------+-------+---------
         Total |       0 |    2794 |   0.0 |       0 |     157 |   0.0 |  6802
               +---------+---------+-------+---------+---------+-------+---------
           D:1 |       0 |      55 |   0.0 |       0 |      31 |   0.0 |   960
           D:2 |       0 |     248 |   0.0 |       0 |      41 |   0.0 |  1612
           D:3 |       0 |     575 |   0.0 |       0 |      37 |   0.0 |   912
           D:4 |       0 |     620 |   0.0 |       0 |      20 |   0.0 |  1332
           D:5 |       0 |     995 |   0.0 |       0 |      22 |   0.0 |  1170
           D:6 |       0 |     301 |   0.0 |       0 |       6 |   0.0 |   544
               +---------+---------+-------+---------+---------+-------+---------
